AoeStats
← 17_Neo_

Arabia

509331266Analyzed
1v1 RM · 6d ago on Sep 26, 2026· 46m 7s· 2 players
Game mode
Random Map
Map size
Tiny (2 player)
Population
200
Speed
Normal
Resources
Standard
Victory
Conquest
Starting age
Dark Age
Ending age
Imperial Age
RankedLock teamsTeams togetherTeam positionsShared explorationLock speedFull tech treeHidden civsTurbo modeCheats
Victory
Defeat
🇨🇴 Maya · Colombia
1635
+17
🇨🇱 Wei · Chile
1666
-17
17_Neo_
0:27 Loom
12:24 Feudal Age
14:31 Double-Bit Axe
14:27 Horse Collar
16:54 Castle Age
15:33 Fletching
17:41 Bodkin Arrow
20:26 Ballistics
22:18 Town Watch
29:38 Wheelbarrow
31:03 Bow Saw
34:40 Imperial Age
32:29 Heavy Plow
32:57 Scale Mail Armor
33:08 Forging
33:12 Pikeman
35:10 Iron Casting
35:36 Chain Mail Armor
35:10 Halberdier
36:58 Blast Furnace
40:12 Bracer
40:47 Padded Archer Armor
41:18 Plate Mail Armor
42:20 Chemistry
41:09 Elite Skirmisher
42:13 Hul'che Javelineers
42:30 Leather Archer Armor
42:39 Thumb Ring
44:48 Ring Archer Armor
Zoen
6:21 Loom
9:08 Feudal Age
9:37 Double-Bit Axe
9:49 Horse Collar
18:33 Castle Age
17:58 Scale Barding Armor
19:00 Bloodlines
19:46 Chain Barding Armor
19:44 Bow Saw
20:10 Chain Barding Armor
22:39 Husbandry
24:30 Wheelbarrow
24:03 Town Watch
27:19 Gold Mining
27:19 Stone Mining
29:45 Hand Cart
34:46 Imperial Age
34:27 Forging
36:09 Iron Casting
37:15 Ming Guang Armor
37:15 Fletching
37:25 Padded Archer Armor
37:52 Bodkin Arrow
38:06 Elite Skirmisher
38:18 Heavy Hei Guang Cavalry
39:46 Bracer
40:47 Chemistry
40:21 Leather Archer Armor
42:22 Ring Archer Armor
42:47 Heavy Plow
Connection lost

Rejoining the realm…

Still unreachable

The connection could not be restored.

Session expired

The server has moved on; the page needs a fresh start.